 Dungeon Crawl Stone Soup version 0.21.1-1-g345015f (console) character file.

82075 Homage the Spry (level 15, -2/128 HPs)
             Began as a Merfolk Transmuter on June 27, 2018.
             Was a High Priest of Sif Muna.
             Slain by a spriggan rider
             ... wielding a +0 spear
              (6 damage)
             ... on level 1 of the Swamp.
             The game lasted 02:47:13 (35830 turns).

Homage the Spry (Merfolk Transmuter)               Turns: 35830, Time: 02:47:14

Health: -2/128     AC:  8    Str: 13    XL:     15   Next: 72%
Magic:  16/29      EV: 23    Int: 18    God:    Sif Muna [*****.]
Gold:   402        SH:  8    Dex: 18    Spells: 9/34 levels left

rFire    . . .     SeeInvis .     - Unarmed
rCold    + + +     Gourm    .   (shield currently unavailable)
rNeg     . . .     Faith    .   (armour currently unavailable)
rPois    +         Spirit   .   (helmet currently unavailable)
rElec    .         Reflect  +   (cloak currently unavailable)
rCorr    .         Harm     .   (gloves currently unavailable)
MR       +....                  (boots currently unavailable)
Stlth    +++.......             b - brooch of Shielding {Reflect SH+8}
HPRegen  0.31/turn              m - ring of protection from fire
MPRegen  0.21/turn              j - +3 ring of strength

@: ice-form
A: large, (change form in water), (swift swim), (stealthy swim), thin skeletal
structure 1
a: End Transformation, Divine Energy, Channel Magic, Forget Spell, Renounce
Religion


You were on level 1 of the Swamp.
You worshipped Sif Muna.
Sif Muna was extremely pleased with you.
You were hungry.
You were a creature of crystalline ice.
You visited 6 branches of the dungeon, and saw 23 of its levels.

You collected 1890 gold pieces.
You spent 1488 gold pieces at shops.


Innate Abilities, Weirdness & Mutations

((You revert to your normal form in water.))
((You are very nimble and swift while swimming.))
((You are very stealthy in the water. (Stealth+)))
((You have a beak for a mouth.))
((You are partially covered in slimy green scales. (AC +2)))
You have a somewhat thin skeletal structure. (Dex +2, Stealth)
((Your movements are slightly less encumbered by armour. (ER -2)))


   Skills:
 - Level 6.6 Fighting
 - Level 17.0 Dodging
 - Level 4.2 Stealth
 - Level 4.0 Shields
 + Level 12.4 Unarmed Combat
 - Level 10.0 Spellcasting
 - Level 4.5 Conjurations
 - Level 3.0 Hexes
 - Level 2.0 Translocations
 - Level 17.0 Transmutations
 - Level 1.3 Fire Magic
 - Level 3.1 Ice Magic
 - Level 2.6 Poison Magic
 - Level 5.1 Invocations


You had 9 spell levels left.
You knew the following spells:

 Your Spells              Type           Power        Failure   Level  Hunger
a - Beastly Appendage     Tmut           ######       0%          1    None
b - Spider Form           Tmut/Pois      #####.....   1%          3    None
A - Apportation           Tloc           ###...       3%          1    None
B - Blade Hands           Tmut           ######....   1%          5    #####..
I - Ice Form              Ice/Tmut       #####...     1%          4    ###....
M - Irradiate             Conj/Tmut      #####.....   2%          5    #####..
U - Ignite Poison         Fire/Tmut/Pois ####....     1%          3    None
X - Confusing Touch       Hex            ###...       2%          1    None
Z - Sticks to Snakes      Tmut           ######..     0%          2    None

Inventory:

Missiles
 a - 301 arrows
 k - 2 throwing nets (quivered)
Armour
 f - a +0 pair of boots (melded)
 y - a +2 cloak (melded)
 H - a +3 troll leather armour (melded) {Snorg}
 J - a +0 buckler (melded)
Jewellery
 b - the brooch of Shielding (around neck) {Reflect SH+8}
   (You bought it in a shop on level 7 of the Dungeon)

   [amulet of reflection]

   It shields you and reflects attacks.
   It affects your SH (+8).
 e - an uncursed ring of ice
 i - an uncursed ring of wizardry
 j - a +3 ring of strength (right front paw)
 m - a ring of protection from fire (left front paw)
 v - an uncursed ring of positive energy
Wands
 o - a wand of paralysis (13)
 r - a wand of enslavement (10)
 z - a wand of scattershot (5)
 A - a wand of acid (26)
 B - a wand of random effects (25)
 C - a wand of iceblast (3)
 D - a wand of polymorph (22)
Scrolls
 g - a scroll of teleportation
 h - 8 scrolls of magic mapping
 l - a scroll of immolation
 p - 5 scrolls of remove curse
 q - a scroll of silence {!r}
 u - a scroll of summoning
 w - a scroll of fear
 E - a scroll of identify
Potions
 c - a potion of agility
 n - 3 potions of flight
 s - 3 potions of curing
 t - 5 potions of might
 F - 2 potions of invisibility
 G - a potion of brilliance
Books
 K - Sif Muna's Grimoire of Destructive Black Rites
   (Sif Muna gifted it to you on level 1 of the Swamp)

   Spells                             Type                      Level
   a - Shock                          Conjuration/Air              1
   b - Animate Skeleton               Necromancy                   1
   c - Throw Frost                    Conjuration/Ice              2
   d - Throw Flame                    Conjuration/Fire             2
   e - Death's Door                   Charms/Necromancy            8
Miscellaneous
 x - a sack of spiders
Comestibles
 d - 29 rations
 I - 6 chunks of flesh


Message History

Confirm with . or Enter, or press ? or * to list all spells.
Okay, then.
You closely miss the spriggan rider. The spriggan rider closely misses you.
You punch the spriggan rider! You freeze the spriggan rider.
The spriggan rider is moderately wounded.
The spriggan rider hits you with a spear!!
* * * LOW HITPOINT WARNING * * *
Okay, then.
Press: ? - help, v - describe, . - travel
Here: a spriggan rider, wielding a spear, wearing a leather armour and wearing a buckler (moderately wounded)
The floor.
You swap places.
Your adder barely misses the spriggan rider.
The spriggan rider closely misses you.
Casting: Sticks to Snakes
Confirm with . or Enter, or press ? or * to list all spells.
You create 5 snakes!
You now have 301 arrows.
Your adder misses the spriggan rider.
The spriggan rider hits you from afar with a spear.
You die...

..~..~~. .. ..~~..7 .7
..~.~7...7 # #.~.. ...77
..##..#.#....7~.~.77
............7S.....7.
.###...##..SSS.7.7.....
(....i. ....7Y7........
.#.#...##...77SS..~.....
......(.#..7 77i.......~
~..#.....S.777(.~~....7
~~.....(.~.7~...~~~~..7
~7......~..i.....ยค~..77
77.7~....~.....77..77
7..~....~...>...~.~7
7...~~.~~~~.~~....77


You could see a spriggan rider, a friendly water moccasin and 5 friendly adders.

Vanquished Creatures
  2 orc warlords
  A very ugly thing (Swamp:2)
  Azrael (Orc:2)
  Nessos (Orc:2)
  Snorg (Lair:5)
  Fannar (Lair:1)
  5 hydras
  8 death yaks
  The ghost of NewPlayer the Severer, a novice MiFi of Trog (Lair:1)
  15 two-headed ogres
  2 alligators (Swamp:1)
  4 ogre magi (Orc:2)
  4 spriggans
  A spriggan druid (Swamp:2)
  A deep elf archer (Orc:2)
  An unseen horror (D:11)
  A swamp dragon (Swamp:1)
  2 orc knights (Orc:2)
  An orc sorcerer (Orc:2)
  A cyclops (Orc:2)
  Maurice (D:9)
  4 elephants
  A centaur zombie (D:11)
  Joseph (D:10)
  A molten gargoyle (Lair:2)
  A gargoyle (D:10)
  2 torpor snails
  A black mamba (Lair:5)
  2 kobold demonologists (D:11)
  21 spiny frogs
  2 rime drakes
  3 komodo dragons
  5 tyrant leeches
  4 trolls
  3 polar bears
  5 hornets
  A slime creature (D:10)
  15 blink frogs (Lair:6)
  5 bog bodies (Swamp:1)
  8 hippogriffs
  40 yaks
  4 fire elementals (Orc:1)
  2 wyverns
  2 hungry ghosts
  3 basilisks
  A steam dragon (D:11)
  4 swamp worms (Swamp:1)
  17 vampire mosquitoes
  10 water moccasins
  4 wargs
  5 hell hounds
  4 porcupines
  2 ice beasts
  6 swamp drakes
  2 sky beasts
  25 orc warriors
  3 eyes of draining
  2 phantoms
  A black bear (D:9)
  3 necrophages
  34 ogres
  30 wolves
  10 crocodiles
  11 centaurs
  5 big kobolds
  Blork the orc (D:5)
  10 bullfrogs
  5 scorpions
  2 wyvern skeletons
  3 electric eels
  4 wights (D:11)
  2 howler monkeys
  A bullfrog zombie (D:7)
  6 crimson imps
  6 jellies
  3 quasits
  5 hounds
  Crazy Yiuf (D:3)
  13 orc priests
  A bullfrog skeleton (D:8)
  2 centaur skeletons
  An iguana (D:6)
  10 worker ants
  27 orc wizards
  A hound zombie (D:10)
  2 hound skeletons
  2 gnolls (Orc:2)
  10 adders
  2 shadow imps (D:6)
  4 oozes
  3 worms
  4 dart slugs
  6 leopard geckos
  77 orcs
  7 giant cockroaches
  7 goblins
  7 hobgoblins
  4 jackals (D:6)
  5 quokkas
  A ball python (Lair:2)
  7 bats
  3 frilled lizards
  2 jackal skeletons
  20 kobolds
  A quokka skeleton (D:6)
  5 rats
653 creatures vanquished.

Vanquished Creatures (collateral kills)
  2 two-headed ogres
  An elephant (Lair:6)
  A komodo dragon (Lair:6)
  A hornet (Swamp:1)
  A hippogriff (Lair:5)
  A yak (Lair:5)
  Edmund (D:4)
  2 orc warriors (D:9)
  A centaur (D:5)
  3 wolves (Lair:6)
  2 bullfrogs (Lair:6)
  An iguana (D:6)
  2 gnolls (Orc:2)
  An adder (D:2)
  An ooze (Lair:6)
  A worm (D:2)
  12 orcs
  A quokka skeleton (D:5)
35 creatures vanquished.

Vanquished Creatures (others)
  Sonja (Orc:2)
  A blink frog (Lair:6)
  A yak (Lair:6)
  A hell hound (D:11)
  An orc (Orc:2)
  8 bushes (Lair:6)
  8 fungi
  61 plants
82 creatures vanquished.

Grand Total: 770 creatures vanquished

Notes
Turn   | Place    | Note
-------+----------+-------------------------------------------
     0 | D:1      | Homage the Merfolk Transmuter began the quest for the Orb.
     0 | D:1      | Reached XP level 1. HP: 15/15 MP: 3/3
   293 | D:1      | Reached XP level 2. HP: 10/21 MP: 3/5
   575 | D:1      | Gained mutation: You are clumsy. (Dex -2) [potion of mutation]
   575 | D:1      | Gained mutation: Armour fits poorly on your strangely shaped body. [potion of mutation]
   575 | D:1      | Gained mutation: You are partially covered in slimy green scales. (AC +2) [potion of mutation]
   676 | D:1      | Lost mutation: Armour fits poorly on your strangely shaped body. [potion of mutation]
   676 | D:1      | Lost mutation: You are clumsy. (Dex -2) [potion of mutation]
   676 | D:1      | Lost mutation: You are partially covered in slimy green scales. (AC +2) [potion of mutation]
   676 | D:1      | Gained mutation: You have a pair of small antennae on your head. [potion of mutation]
   676 | D:1      | Gained mutation: You are partially covered in slimy green scales. (AC +2) [potion of mutation]
   779 | D:1      | Reached skill level 3 in Transmutations
   843 | D:1      | Learned a level 2 spell: Sticks to Snakes
  1162 | D:2      | Reached XP level 3. HP: 23/26 MP: 2/6
  1369 | D:2      | Lost mutation: You have a pair of small antennae on your head. [potion of mutation]
  1369 | D:2      | Gained mutation: You have a beak for a mouth. [potion of mutation]
  1369 | D:2      | Gained mutation: You have a somewhat thin skeletal structure. (Dex +2, Stealth) [potion of mutation]
  1369 | D:2      | Gained mutation: Your movements are slightly less encumbered by armour. (ER -2) [potion of mutation]
  1716 | D:2      | Reached skill level 3 in Dodging
  1829 | D:2      | Learned a level 3 spell: Spider Form
  1911 | D:2      | Found an iron altar of Okawaru.
  2203 | D:3      | Reached skill level 1 in Poison Magic
  2272 | D:3      | Reached XP level 4. HP: 30/32 MP: 5/7
  3257 | D:3      | Reached XP level 5. HP: 37/37 MP: 4/8
  3532 | D:3      | Reached skill level 1 in Stealth
  3532 | D:3      | Reached XP level 6. HP: 23/43 MP: 0/9
  4005 | D:3      | Found a runed door.
  4131 | D:3      | Noticed Crazy Yiuf
  4138 | D:3      | Killed Crazy Yiuf
  4558 | D:4      | Reached skill level 3 in Stealth
  4986 | D:5      | Entered Level 5 of the Dungeon
  5085 | D:5      | Reached skill level 6 in Transmutations
  5276 | D:5      | Noticed Edmund
  5317 | D:4      | Reached XP level 7. HP: 31/48 MP: 5/10
  5580 | D:4      | Killed Edmund
  5764 | D:5      | Noticed Blork the orc
  5777 | D:5      | Killed Blork the orc
  6061 | D:5      | Noticed Homage's ghost (amateur MfTm)
  7370 | D:6      | Learned a level 5 spell: Blade Hands
  7493 | D:6      | Reached skill level 3 in Spellcasting
  7892 | D:6      | Reached XP level 8. HP: 40/54 MP: 6/13
  8159 | D:6      | HP: 10/54 [sky beast (4)]
  8910 | D:6      | Learned a level 4 spell: Ice Form
  9021 | D:6      | Reached skill level 1 in Ice Magic
  9252 | D:6      | Found a hide-covered altar of Uskayaw.
 10051 | D:7      | Found Yraeq's Jewellery Boutique.
 10072 | D:7      | Reached skill level 6 in Dodging
 10651 | D:7      | Reached XP level 9. HP: 55/59 MP: 13/17
 10721 | D:7      | Found a staircase to the Ecumenical Temple.
 10726 | Temple   | Entered the Ecumenical Temple
 10823 | Temple   | Became a worshipper of Sif Muna the Loreminder
 11098 | D:7      | Learned a level 1 spell: Confusing Touch
 11534 | D:8      | Reached skill level 6 in Unarmed Combat
 11890 | D:8      | Reached skill level 1 in Hexes
 12121 | D:9      | Reached skill level 3 in Hexes
 12298 | D:9      | Reached skill level 9 in Transmutations
 12298 | D:9      | Reached XP level 10. HP: 31/65 MP: 3/18
 12621 | D:9      | Reached * piety under Sif Muna
 12674 | D:9      | Reached skill level 9 in Dodging
 13247 | D:9      | Found a staircase to the Orcish Mines.
 13628 | D:9      | Found a snail-covered altar of Cheibriados.
 13694 | D:10     | Entered Level 10 of the Dungeon
 13740 | D:10     | Found a glowing silver altar of Zin.
 13979 | D:10     | Reached skill level 6 in Spellcasting
 14324 | D:10     | Noticed Joseph
 14345 | D:10     | Killed Joseph
 14345 | D:10     | Reached skill level 3 in Fighting
 14574 | D:10     | Noticed a gargoyle
 14595 | D:10     | Killed a gargoyle
 14973 | D:10     | HP: 6/71 [very large slime creature (34)]
 15317 | D:11     | Reached ** piety under Sif Muna
 15328 | D:11     | Reached XP level 11. HP: 29/77 MP: 4/20
 15346 | D:11     | Reached skill level 12 in Transmutations
 15750 | D:11     | Killed an unseen horror
 15958 | D:11     | Found a staircase to the Lair.
 16068 | D:11     | Noticed a two-headed ogre
 16078 | D:11     | Killed a two-headed ogre
 16131 | D:11     | Reached *** piety under Sif Muna
 17647 | Lair:1   | Entered Level 1 of the Lair of Beasts
 17688 | Lair:1   | Noticed Fannar
 17706 | Lair:1   | Reached skill level 9 in Spellcasting
 17713 | Lair:1   | Noticed NewPlayer's ghost (novice MiFi)
 18448 | Lair:2   | Found a hole to the Spider Nest.
 19132 | Lair:2   | Reached XP level 12. HP: 76/83 MP: 22/25
 19714 | Lair:3   | Noticed a five-headed hydra
 19805 | Lair:3   | Reached skill level 12 in Dodging
 20473 | Lair:3   | Reached skill level 9 in Unarmed Combat
 20978 | Lair:3   | Killed a five-headed hydra
 21285 | Lair:4   | Noticed a six-headed hydra
 21300 | Lair:4   | Killed a six-headed hydra
 21461 | Lair:4   | Found a staircase to the Swamp.
 23202 | Lair:5   | HP: 13/86 [spiny frog (7)]
 23203 | Lair:5   | HP: 2/103 [spiny frog (11)]
 23706 | Lair:5   | Noticed Snorg
 23720 | Lair:5   | Killed Snorg
 23720 | Lair:5   | Reached XP level 13. HP: 46/91 MP: 9/26
 24002 | Lair:6   | Entered Level 6 of the Lair of Beasts
 24016 | Lair:5   | Reached **** piety under Sif Muna
 24350 | Lair:6   | Reached skill level 1 in Invocations
 24527 | Lair:6   | Reached skill level 3 in Invocations
 24536 | Lair:6   | HP: 12/109 [rime drake/flash freeze (11)]
 25324 | Lair:5   | Reached skill level 3 in Ice Magic
 26093 | Lair:6   | Reached ***** piety under Sif Muna
 26093 | Lair:6   | Received a gift from Sif Muna
 26094 | Lair:6   | Identified Sif Muna's Compendium of the Destructive Escort (Sif Muna gifted it to you on level 6 of the Lair of Beasts)
 26131 | Lair:6   | Reached skill level 15 in Transmutations
 27239 | Lair:6   | Learned a level 3 spell: Ignite Poison
 27328 | Lair:6   | Found a staircase to the Slime Pits.
 27401 | Lair:5   | Reached skill level 1 in Fire Magic
 27820 | Lair:5   | Reached XP level 14. HP: 98/98 MP: 28/28
 27879 | Lair:5   | Identified Difufuan's Tome of Arcane Weapons (You acquired it on level 5 of the Lair of Beasts)
 27887 | Lair:5   | Learned a level 5 spell: Irradiate
 27954 | Lair:5   | Reached skill level 1 in Conjurations
 27957 | Lair:5   | Got a twitching platinum ring
 27963 | Lair:5   | Identified the cursed ring of Foxileb {rN+ MR+ AC-2 Dex-3 SInv} (You took it off a spriggan on level 5 of the Lair of Beasts)
 28357 | Lair:6   | Reached skill level 3 in Conjurations
 28416 | Lair:6   | Reached skill level 15 in Dodging
 29069 | Orc:1    | Entered Level 1 of the Orcish Mines
 29069 | Orc:1    | Noticed Maurice
 29069 | Orc:1    | Noticed an orc warlord
 29312 | D:9      | Killed Maurice
 29375 | D:9      | Killed an orc warlord
 29485 | D:9      | Identified Sif Muna's Collected Works on Warped Malediction (Sif Muna gifted it to you on level 9 of the Dungeon)
 29485 | D:9      | Received a gift from Sif Muna
 29587 | D:9      | Learned a level 1 spell: Apportation
 29767 | Orc:1    | Reached skill level 1 in Translocations
 30085 | Orc:2    | Entered Level 2 of the Orcish Mines
 30085 | Orc:2    | Found a staircase to the Elven Halls.
 30144 | Orc:2    | Noticed Azrael
 30356 | Orc:2    | Noticed Sonja
 30365 | Orc:2    | Killed Sonja
 30690 | Orc:2    | Killed Azrael
 30915 | Orc:2    | Reached skill level 12 in Unarmed Combat
 31442 | Orc:2    | Found Doewots's Magic Scroll Boutique.
 31443 | Orc:2    | Found Warhea Masie's Antique Weapon Shoppe.
 31443 | Orc:2    | Found Piysuv's Food Shop.
 31443 | Orc:2    | Found Vuicinku's Antique Weapon Shoppe.
 31634 | Orc:2    | Reached XP level 15. HP: 103/103 MP: 29/29
 31794 | Orc:2    | Noticed Nessos
 31821 | Orc:2    | Killed Nessos
 32450 | Orc:1    | Noticed an orc warlord
 32530 | Orc:2    | HP: 19/103 [orc/flail[an orc warlord] (10)]
 32535 | Orc:2    | HP: 11/103 [orc warrior/battleaxe[an orc warlord] (12)]
 32694 | Orc:2    | Killed an orc warlord
 32905 | Elf:1    | Entered Level 1 of the Elven Halls
 33170 | D:7      | Bought the brooch of Shielding {Reflect SH+8} for 1488 gold pieces
 33170 | D:7      | Found the brooch of Shielding {Reflect SH+8}
 33334 | Lair:1   | Killed NewPlayer's ghost
 33446 | Lair:1   | Killed Fannar
 34167 | Swamp:1  | Entered Level 1 of the Swamp
 34672 | Swamp:1  | Identified Sif Muna's Grimoire of Destructive Black Rites (Sif Muna gifted it to you on level 1 of the Swamp)
 34672 | Swamp:1  | Received a gift from Sif Muna
 34672 | Swamp:1  | Reached skill level 6 in Fighting
 34806 | Swamp:1  | Reached skill level 1 in Shields
 35102 | Swamp:1  | Reached skill level 3 in Shields
 35815 | Swamp:1  | HP: 22/128 [spriggan rider/stone (20)]
 35828 | Swamp:1  | HP: 3/128 [spriggan rider/spear (28)]
 35830 | Swamp:1  | Slain by a spriggan rider

Vault maps used:
D:1:      nagdon_arrival_zigzag_paths
D:2:      cheibrodos_old_hovel, serial_curves, eino_curves_01, eino_curves_03,
          okawaru_trees_2
D:3:      first_ration, uniq_crazy_yiuf_cottage
D:5:      uniq_blork_the_orc, uniq_edmund
D:6:      basic_altar
D:7:      minmay_temple_entry_overgrown, serial_shops, shop,
          kennysheep_minor_cross
D:8:      grunt_pizzeria
D:9:      lemuel_round_altar, erik_orc_1
D:10:     basic_altar, uniq_joseph
D:11:     minmay_lair_entry_lava, chequers_big_river
Temple:   grunt_wide_crystal_templ
Lair:1:   uniq_fannar
Lair:2:   nicolae_spider_entry_non_spiders
Lair:3:   grunt_megastairs_1, serial_bayou_shore_b
Lair:4:   minmay_swamp_entry_swarm
Lair:5:   uniq_snorg
Lair:6:   minmay_lair_end_frog_pond, nicolae_slime_entry_slimehenge,
          grunt_forest_large_clearings
Swamp:1:  evilmike_swamp_ruin_rubble_1
Swamp:2:  evilmike_swamp_ruin_house_5, hangedman_swamp_lotus,
          infiniplex_staircase_pool_2, uniq_roxanne
Orc:1:    uniq_maurice
Orc:2:    st_orc_ogre_mass, uniq_sonja, uniq_nessos, uniq_azrael
Elf:1:    kennysheep_ambush_hall, hangedman_corner_corridor,
          nicolae_elf_m_pinch, lemuel_blue_sif_altar

Action                   |  1- 3 |  4- 6 |  7- 9 | 10-12 | 13-15 || total
-------------------------+-------+-------+-------+-------+-------++-------
Melee: Unarmed           |   128 |   161 |   548 |   812 |  1051 ||  2700
       Headbutt          |     2 |    14 |    49 |    46 |     3 ||   114
       Peck              |     8 |    25 |    87 |   147 |   148 ||   415
       Punch             |       |     3 |    12 |    27 |    48 ||    90
       Tailslap          |       |       |       |       |     7 ||     7
Throw: Throwing net      |       |       |       |     1 |       ||     1
 Cast: Beastly Appendage |     3 |     9 |    28 |    17 |     3 ||    60
       Sticks to Snakes  |     5 |     6 |    20 |    18 |    75 ||   124
       Spider Form       |       |     2 |     3 |     3 |     1 ||     9
       Ice Form          |       |       |     3 |    17 |    35 ||    55
       Blade Hands       |       |       |     5 |    23 |    67 ||    95
       Confusing Touch   |       |       |    14 |    32 |     8 ||    54
       Ignite Poison     |       |       |       |       |     9 ||     9
       Apportation       |       |       |       |       |    24 ||    24
       Irradiate         |       |       |       |       |    12 ||    12
Invok: Channel Magic     |       |       |       |       |     1 ||     1
 Abil: End Transformatio |       |       |       |       |     1 ||     1
Evoke: Wand              |       |       |       |    13 |     2 ||    15
       Sack of spiders   |       |       |       |     1 |       ||     1
  Use: Potion            |     5 |     1 |     4 |     7 |     3 ||    20
       Scroll            |     3 |     3 |     4 |     8 |     6 ||    24
 Stab: Sleeping          |     1 |     5 |     9 |     8 |     1 ||    24
       Distracted        |       |     2 |     2 |     6 |    11 ||    21
       Confused          |       |       |     7 |    14 |     6 ||    27
  Eat: Chunk             |     5 |    10 |     8 |    34 |    54 ||   111
       Ration            |       |       |     6 |     4 |     2 ||    12
Armor: Robe              |    38 |     3 |       |       |       ||    41
       Leather armour    |       |    25 |   126 |    30 |       ||   181
       Skin              |       |     1 |     8 |    45 |    50 ||   104
       Ring mail         |       |       |       |    96 |       ||    96
       Troll leather arm |       |       |       |     8 |   155 ||   163
Dodge: Dodged            |    99 |   102 |   390 |   649 |  1319 ||  2559
Block: Other             |       |       |       |       |    67 ||    67
       Buckler           |       |       |       |       |    11 ||    11
       Reflection        |       |       |       |       |     2 ||     2
